[Event "Super United Croatia GCT Rapid 2022"]
[Site "Zagreb"]
[Date "2022.07.22"]
[Round "8.2"]
[White "Topalov, Veselin"]
[Black "Saric, Ivan"]
[Result "1-0"]
[ECO "B90"]
[WhiteElo "2728"]
[BlackElo "2680"]
[Annotator "TA"]
[PlyCount "71"]
[EventDate "2022.07.20"]
[EventType "tourn"]
[EventCountry "CRO"]
[SourceTitle "playchess.com"]
[Source "ChessBase"]
[SourceQuality "1"]
[TimeControl "1500+10"]

1. e4 c5 2. Nf3 d6 3. d4 cxd4 4. Nxd4 Nf6 5. Nc3 a6 6. Be3 e5 7. Nf3 Be7 8. Bc4 Be6 9. Bxe6 {[%emt 0:00:15] B90: Sicilian Najdorf: Unusual White 6th moves, 6 Be3 Ng4 and 6 Be3 e5.} fxe6 10. Ng5 Qd7 11. Qf3 {[%emt 0:00:18] With the idea Qh3. The position is equal.} d5 12. O-O-O d4 {[%emt 0:00:01] [#]} 13. Bxd4 $1 exd4 14. e5 O-O {[%emt 0:00:45] Hoping for ...Nd5.} 15. Qh3 h6 $1 16. exf6 Rxf6 17. Nge4 Rf5 18. Ne2 $40 {[%emt 0:00:23][%mdl 128] Black needs to defend precisely.} Nc6 {[%emt 0:00:05] [#] Threatens to win with ...Qd5.} 19. Kb1 {[%emt 0:00:26] [#]} Rd8 $146 ({Predecessor:} 19... Qd5 20. N2g3 Rf7 21. Qh5 e5 22. Qe2 Nb4 23. c4 Qa5 24. a3 Nc6 25. Qd2 Qc7 {0-1 (50) Janzelj,T (2316)-Drnovsek,G (2203) Bled 2014}) 20. c3 Qd5 21. f3 Qb5 22. Rhe1 (22. Nxd4 Nxd4 23. cxd4 Ba3 $11) 22... Ba3 23. b3 d3 (23... Qb6 $5 ) 24. N2g3 d2 (24... Re5 25. f4 d2 26. Re3 $16) 25. Re3 (25. Nxf5 Qd3+ 26. Ka1 dxe1=Q) (25. Rxd2 Rxd2) 25... Qe5 $2 (25... Rd3 $11 {and Black has nothing to worry.} 26. Nxf5 (26. Re2 Rxc3) 26... exf5) 26. Nf1 $2 {[%emt 0:02:20] Pair of Knights!} (26. Nxf5 $18 exf5 27. f4 Qxf4 28. Nxd2) 26... Rh5 (26... Qb5 $11 {remains equal.}) 27. Qg3 $16 Qf5 28. Qc7 Qg6 {[%emt 0:00:40] A mistake that costs the game.} (28... Qf7 $16 {is a better defense.} 29. Qxf7+ Kxf7) 29. Qxb7 $18 {[%emt 0:00:04] Dancing on a razor blade.} Na5 30. Qxa6 Qxg2 (30... Rhd5 $142 31. Ka1 (31. Nfxd2 Rxd2 32. Rxd2 Rxd2 $16) 31... Qxg2 32. Qxe6+ (32. b4 Kh7 $18) 32... Kh8) 31. Qxe6+ {[%emt 0:00:40] White is clearly winning.} Kh8 32. Kc2 Bc1 (32... Qh3 $142 33. Neg3 Qxe6 34. Rxe6 Rb5 35. Nxd2 Rc8) 33. Qg4 Rxh2 (33... Qxg4 $142 34. fxg4 Rh4) 34. Nxh2 Qxh2 35. f4 {[%emt 0:00:24][%cal Oe4g5] Threatening mate with Ng5!} Nc6 36. Rh3 {[%emt 0:00:09] Weighted Error Value: White=0.23 (precise) /Black=0.59} 1-0

[Event "Super United Croatia GCT Rapid 2022"]
[Site "Zagreb"]
[Date "2022.07.22"]
[Round "8.3"]
[White "Carlsen, Magnus"]
[Black "Van Foreest, Jorden"]
[Result "1-0"]
[ECO "A29"]
[WhiteElo "2864"]
[BlackElo "2678"]
[Annotator "TA"]
[PlyCount "85"]
[EventDate "2022.07.20"]
[EventType "tourn"]
[EventCountry "CRO"]
[SourceTitle "playchess.com"]
[Source "ChessBase"]
[SourceQuality "1"]
[TimeControl "1500+10"]

1. c4 e5 2. g3 d5 3. cxd5 Qxd5 4. Nf3 Nc6 5. Nc3 Qd8 6. Bg2 Nf6 7. O-O Be7 {[%emt 0:00:44] 7...h6 injects fresh life into this line. A29: English Opening: Four Knights Variation with 4 g3.} 8. b4 {[%emt 0:00:49] [#]} e4 $146 ({Predecessor:} 8... a6 9. a3 O-O 10. Bb2 Re8 11. Rc1 Bd6 12. Ng5 Bf5 13. Nge4 Rb8 14. Nxf6+ Qxf6 15. Ne4 {½-½ (45) Xiong,J (2688)-Nakamura,H (2766) Chess.com INT 2022}) 9. Ng5 Bxb4 {[%emt 0:00:05] White is slightly better.} 10. Ngxe4 Nxe4 11. Nxe4 O-O 12. a3 Be7 (12... Qd4 13. Rb1 Ba5 14. e3 $16) 13. Bb2 Re8 (13... f5 $11 14. Nc3 (14. Qb3+ Rf7 $11) 14... Be6) 14. Rc1 $14 Bf8 15. e3 Bf5 16. Nc5 Rb8 17. d4 Na5 18. e4 Bg6 19. f4 b6 20. Na6 Bxe4 21. Bxe4 ({And not} 21. Rxc7 Bxg2 22. Kxg2 Rc8 23. Rxc8 Qxc8 $17) 21... Rxe4 22. Nxb8 Qxb8 23. Re1 Rxe1+ 24. Qxe1 Qd8 25. Qc3 c6 26. Qf3 $36 {[%emt 0:01:04][%mdl 2048] White has good play.} b5 27. d5 $1 cxd5 28. Rd1 {[%emt 0:00:02] White is more active.} Nc4 $1 29. Rxd5 Qe7 {[%emt 0:01:32] [#]} (29... Qc7 $14) 30. Bd4 $1 $16 ({Weaker is} 30. Rxb5 a6 31. Rb7 Nd2 32. Rxe7 Nxf3+ 33. Kf2 Bxe7 $11) 30... Qe1+ {[%emt 0:00:27] [#]} 31. Kg2 $1 Qe8 32. Bxa7 Bxa3 33. Bf2 Bf8 34. Qd3 Qa8 (34... Qc6 $16 35. Kg1 Bd6) 35. Kh3 $18 {[%emt 0:01:11] Threatens to win with Rd8.} Qc8+ 36. f5 {[%emt 0:00:55] And now Rd8 would win.} Be7 {[%emt 0:01:36] Prevents Rd8+.} 37. Rxb5 h5 38. Rd5 g5 39. Kg2 {[%emt 0:01:08][%cal Of2c5] Bc5! is the strong threat.} Qc6 {[%emt 0:00:27] Prevents Bc5.} (39... Bf6 40. Rc5 Qa8+ 41. Qf3 Qxf3+ 42. Kxf3 Nd2+ 43. Ke2 Ne4 44. Rc8+ Kg7) 40. Kg1 {[%emt 0:00:33][%cal Of5f6] Black must now prevent f6!} Bd6 (40... Qa4 $142 41. Bd4 f6) 41. Rd4 {[%emt 0:00:46] White is clearly winning.} Ne5 42. Rxd6 Nf3+ 43. Kh1 {[%emt 0:00:05] Weighted Error Value: White=0.09 (flawless) /Black=0.24 (precise)} 1-0

[Event "Super United Croatia GCT Rapid 2022"]
[Site "Zagreb"]
[Date "2022.07.22"]
[Round "8.4"]
[White "Firouzja, Alireza"]
[Black "So, Wesley"]
[Result "1/2-1/2"]
[ECO "C67"]
[WhiteElo "2793"]
[BlackElo "2773"]
[Annotator "TA"]
[PlyCount "146"]
[EventDate "2022.07.20"]
[EventType "tourn"]
[EventCountry "CRO"]
[SourceTitle "playchess.com"]
[Source "ChessBase"]
[SourceQuality "1"]
[TimeControl "1500+10"]

1. e4 e5 2. Nf3 Nc6 3. Bb5 Nf6 4. O-O Nxe4 5. Re1 Nd6 6. Nxe5 Be7 7. Bf1 Nxe5 8. Rxe5 O-O 9. d4 Bf6 10. Re1 Re8 {[%emt 0:00:02] C67: Ruy Lopez: Berlin Defence: 4 0-0 Nxe4.} 11. Bf4 Rxe1 12. Qxe1 Ne8 13. c3 d5 14. Nd2 c6 15. Bd3 g6 16. Nf3 Ng7 17. Bh6 Nf5 18. Bxf5 Bxf5 {[%emt 0:00:01] [#]} 19. Qd2 $146 ({Predecessor:} 19. h3 Be4 20. Nd2 Qe7 21. Qe3 Re8 22. Qf4 Bf5 23. Nf3 Qd8 24. Ne5 Be7 25. g4 {½-½ (80) Grandelius,N (2659)-Firouzja,A (2726) Prague 2020}) 19... Qd7 20. Ne5 Qd6 21. Qf4 {[%emt 0:04:30][%cal Oe5g6] The position is equal.} Be7 22. g4 Be6 23. Re1 Re8 24. Qf3 f6 25. Nd3 b6 26. h3 Qd7 27. Re3 Bd8 28. Qe2 Bf7 29. Rxe8+ Qxe8 30. Qxe8+ Bxe8 $11 {[%emt 0:00:02][%mdl 4096] Endgame KBB-KBN} 31. Bf4 h5 32. f3 hxg4 33. hxg4 g5 34. Bb8 a5 ({Don't take} 34... Bg6 35. Nb4 Be8 36. Bxa7 $14) 35. Kf2 Bg6 36. Ke3 Kf7 37. f4 gxf4+ 38. Bxf4 Ke6 39. Bg3 Kd7 40. Bh4 Be7 41. a3 a4 42. Nf4 Bc2 43. Kd2 Bb1 44. Ke3 Ke8 45. Nh3 Bd8 46. Nf4 Kf7 47. Nd3 Bxd3 48. Kxd3 {[%emt 0:00:02] KB-KB} Be7 49. Bg3 Kg6 {[%emt 0:00:15] [#] Threatens to win with ...Kg5.} 50. Ke2 Kg5 51. Kf3 Bf8 52. Bc7 b5 53. Bf4+ Kg6 54. Be3 Be7 55. Bf4 c5 56. dxc5 Bxc5 57. Be3 Bd6 58. Bd2 Kf7 59. Be3 Ke6 60. Ke2 $1 Bc7 61. Kf3 Be5 62. Ke2 Bg3 63. Kf3 Bh4 64. Bf4 Kd7 65. Be3 Kd6 66. Ke2 Ke5 67. Kf3 Kd6 68. Ke2 Bg3 69. Kf3 Be5 70. Ke2 Ke6 71. Kf3 Kd6 72. Ke2 Ke6 73. Kf3 Kd6 {[%emt 0:00:04] An interesting draw.  Weighted Error Value: White=0.02 (flawless) /Black=0.02 (flawless)} 1/2-1/2

[Event "Super United Croatia GCT Rapid 2022"]
[Site "Zagreb"]
[Date "2022.07.22"]
[Round "8.5"]
[White "Mamedyarov, Shakhriyar"]
[Black "Dominguez Perez, Leinier"]
[Result "1/2-1/2"]
[ECO "D20"]
[WhiteElo "2759"]
[BlackElo "2754"]
[Annotator "TA"]
[PlyCount "67"]
[EventDate "2022.07.20"]
[EventType "tourn"]
[EventCountry "CRO"]
[SourceTitle "playchess.com"]
[Source "ChessBase"]
[SourceQuality "1"]
[TimeControl "1500+10"]

1. d4 d5 2. c4 dxc4 3. e4 e5 4. Nf3 Bb4+ 5. Nc3 Nf6 6. Bxc4 {[%emt 0:00:17] [#] aiming for Qa4+. D20: Queen's Gambit Accepted: 3 e3 and 3 e4.} (6. Nxe5 $5 O-O 7. f3 $14 (7. Bxc4 Nxe4 8. O-O Nd6 $16)) 6... exd4 $1 7. Nxd4 O-O 8. O-O Bxc3 9. bxc3 Nxe4 {[%emt 0:00:02] [#]} 10. Bd3 $146 ({Predecessor:} 10. Ba3 Nd6 11. Nb5 Nxc4 12. Bxf8 Qxf8 13. Nxc7 Nb6 14. Rb1 Na6 15. Nxa8 Nxa8 16. Qd4 {½-½ (40) Van Wely,L (2674)-Van Foreest,J (2640) Amsterdam 2018}) 10... Nf6 11. Ba3 {[%emt 0:00:03] A strong pair of Bishops.} Re8 12. Re1 Bd7 13. Qb3 {[%emt 0:01:56][%cal Oa3e7] [#] Black must now prevent Be7!} Nc6 {[%emt 0:01:00] Inhibits Be7.} 14. Qxb7 Nxd4 15. cxd4 {[%emt 0:00:07][%cal Oa3e7] The position is equal.} Be6 16. Bc5 h6 17. a3 Bd5 18. Rxe8+ Nxe8 19. Qa6 Nd6 20. Bxd6 (20. Qa5 {with more complications.} Nb7 21. Qc3 Nxc5 22. Qxc5 g6 23. Re1) 20... Qxd6 21. Qxd6 (21. Rb1 {looks sharper.} c6 22. Qb7 Qd8 23. Qb4) 21... cxd6 $11 {[%emt 0:00:01][%mdl 4096] Endgame KRB-KRB} 22. Rb1 Rc8 23. f3 g6 24. Rb5 Bc4 25. Bxc4 Rxc4 {[%emt 0:00:01] KR-KR} 26. Rd5 Ra4 27. Rxd6 Rxa3 28. d5 Rd3 29. Ra6 Rxd5 30. Rxa7 Rd1+ 31. Kf2 Rd2+ 32. Kg1 Rd1+ 33. Kf2 Rd2+ 34. Kg1 {[%emt 0:00:02] An interesting draw.  Weighted Error Value: White=0.03 (flawless) /Black=0.03 (flawless)} 1/2-1/2

[Event "Super United Croatia GCT Rapid 2022"]
[Site "Zagreb"]
[Date "2022.07.22"]
[Round "9.1"]
[White "Dominguez Perez, Leinier"]
[Black "Vachier-Lagrave, Maxime"]
[Result "1/2-1/2"]
[ECO "B90"]
[WhiteElo "2754"]
[BlackElo "2760"]
[Annotator "TA"]
[PlyCount "80"]
[EventDate "2022.07.20"]
[EventType "tourn"]
[EventCountry "CRO"]
[SourceTitle "playchess.com"]
[Source "ChessBase"]
[SourceQuality "1"]
[TimeControl "1500+10"]

1. e4 c5 2. Nf3 d6 3. d4 cxd4 4. Nxd4 Nf6 5. Nc3 a6 6. Be3 e5 7. Nf3 Be7 8. Bc4 Be6 9. Bb3 {[%emt 0:00:02] B90: Sicilian Najdorf: Unusual White 6th moves, 6 Be3 Ng4 and 6 Be3 e5.} Nbd7 $1 {[%emt 0:00:17][%mdl 4] is more profitable than 9...0-0 at the moment.} 10. O-O Rc8 11. Qd3 Qc7 12. a4 {[%emt 0:00:09] [#]} Bc4 $146 ({Predecessor:} 12... O-O 13. Bxe6 fxe6 14. Ng5 Qc4 15. Qxc4 Rxc4 16. Nxe6 Rfc8 17. Ng5 h6 18. Nf3 Nxe4 19. Nxe4 Rxe4 {½-½ (37) Delchev,A (2561)-Roiz,M (2602) Budva 2019}) 13. Bxc4 Qxc4 14. Qxc4 Rxc4 15. Nd2 Rc6 16. a5 O-O 17. f3 Rfc8 18. Rfd1 Bd8 19. Bf2 Kf8 20. Nf1 b5 21. axb6 Bxb6 22. Bxb6 Rxb6 23. Na4 Rbc6 24. Ne3 {[%emt 0:00:02] Inhibits d5.} Rb8 25. b3 g6 26. Nb2 Nc5 27. Nbc4 Ke7 28. Ra3 Ne6 29. Ra5 Rb5 30. Ra2 (30. Ra4 $16) 30... Nc7 {[%emt 0:00:39] Inhibits Nd5+.} ({Better is} 30... Nd4 $14) 31. Na5 {[%emt 0:01:37] 0x0.0019e9e2cb53dp-1022s more active pieces.} Rcc5 {[%emt 0:00:06] [#]} 32. Rda1 $1 Ne6 33. Nac4 Nc7 34. Na5 (34. Re1 $16) 34... Rb8 (34... Ne6 $1 $11 {keeps the balance.}) 35. c4 (35. g4 $16) 35... Ne6 $11 36. Nc2 Rcc8 37. b4 Nd7 38. Ne3 Nf6 39. Nc2 Nd7 40. Ne3 Nf6 {[%emt 0:01:00] Weighted Error Value: White=0.14 (very precise) /Black=0.15 (very precise)} 1/2-1/2

[Event "Super United Croatia GCT Rapid 2022"]
[Site "Zagreb"]
[Date "2022.07.22"]
[Round "9.2"]
[White "So, Wesley"]
[Black "Mamedyarov, Shakhriyar"]
[Result "1/2-1/2"]
[ECO "C50"]
[WhiteElo "2773"]
[BlackElo "2759"]
[Annotator "TA"]
[PlyCount "131"]
[EventDate "2022.07.20"]
[EventType "tourn"]
[EventCountry "CRO"]
[SourceTitle "playchess.com"]
[Source "ChessBase"]
[SourceQuality "1"]
[TimeControl "1500+10"]

1. e4 e5 2. Nf3 Nc6 3. Bc4 Bc5 4. O-O Nf6 5. d3 O-O 6. Re1 {[%emt 0:00:04] C50: Hungarian Defence and Giuoco Pianissimo.} Ng4 $1 {[%emt 0:00:09][%mdl 4] outshines the older 6...d6.} (6... d6 7. c3 a6 8. a4 Ba7 9. Na3 h6 10. Nc2 Re8 11. Be3 Be6 12. Bxe6 Rxe6 13. Bxa7 Rxa7 14. d4 exd4 15. Nfxd4 Nxd4 16. Qxd4 Ra8 17. f3 a5 18. Ne3 Qd7 19. Red1 b6 20. Qc4 Rae8 21. Qb5 Qc8 22. b4 Qa8 23. Qd3 c6 24. bxa5 bxa5 {½-½ (38) So,W (2773)-Mamedyarov,S (2747) Wijk aan Zee 2016}) 7. Re2 Kh8 8. h3 f5 9. Bg5 (9. hxg4 fxg4 10. Ng5 Qf6 $17) 9... Nf6 10. Nc3 d6 11. exf5 Bxf5 12. Na4 Bb6 13. Nxb6 axb6 14. d4 h6 15. dxe5 dxe5 16. Bh4 e4 17. Nh2 Qe8 18. Qe1 {[%emt 0:02:00] [#]} Qg6 $146 ({Predecessor:} 18... Rd8 19. Rd1 Rxd1 20. Qxd1 Be6 21. Bxe6 Qxe6 22. Bxf6 Qxf6 23. c3 e3 24. f3 Qe6 {½-½ (55) Dominguez Perez,L (2756)-Caruana,F (2781) Saint Louis 2022}) 19. Re3 Nd4 20. Rc1 Ra4 21. Bb3 (21. b4 $11) 21... Nf3+ $1 $40 {[%emt 0:01:26][%mdl 128] Black is up to no good.} 22. Nxf3 {[%emt 0:01:18] [#]} exf3 $1 23. Bg3 $1 Re4 24. gxf3 Rh4 {[%emt 0:00:05] Threatens to win with ...Nh5.} 25. Be6 (25. Qc3 $15) 25... Rxh3 $17 {[%emt 0:02:28] ...Nh5 is the strong threat.} (25... Bxh3 26. Bxh3 Rxh3 27. Qf1 $15) 26. Bxf5 Qxf5 27. Rd1 (27. Qf1 $1 $15) 27... Rh5 {[%emt 0:02:04] [#] White must now prevent ...Qh3.} ({Worse is} 27... Qxc2 28. Qe2 Qg6 29. Kg2 $17) 28. Re5 Qxf3 29. Rxh5 Qxh5 30. Bxc7 (30. Rd4 $17 {is a better defense.}) 30... Ne4 31. Rd8 $1 $15 Qg5+ 32. Kh2 Qh5+ 33. Kg1 Qg6+ 34. Kh1 Rxd8 35. Bxd8 {[%emt 0:00:00][%mdl 4096] Endgame KQB-KQN} Qc6 {[%emt 0:00:01] And now ...Ng5+ would win.} 36. f3 Ng5 (36... Nc5 $15 37. Qc3 Qd7 38. Bxb6 Na4) 37. Bxg5 $11 Qxf3+ 38. Kh2 hxg5 {[%emt 0:00:01] KQ-KQ} 39. Qe7 Qc6 40. Qxg5 (40. Kg3 $11 {remains equal.}) 40... Qh6+ (40... Qxc2+ $17 41. Kg3 Qd3+ 42. Kg2 Qe2+ 43. Kg3 Qe1+ 44. Kg2 (44. Kf3 Qf1+ 45. Kg4 Qg2+ 46. Kf5 Qd5+ 47. Kg6 Qxg5+ 48. Kxg5 b5 $19) 44... Qe6) 41. Qxh6+ {[%emt 0:00:02] The position is equal.} gxh6 {[%emt 0:00:01] K3P-K3P} 42. c4 Kg7 {[%emt 0:00:02] Hoping for ...Kf6.} 43. Kg3 Kf6 {[%emt 0:00:13] Strongly threatening ...Ke5.} 44. Kg4 Ke5 45. Kh5 $1 Kd4 46. Kxh6 (46. b3 Kc3 47. Kg6 Kb2 $19) 46... Kxc4 {[%emt 0:03:03] KPP-KPP} 47. Kg5 Kd3 {[%emt 0:00:04] ( -> ...Kc2)} 48. Kf5 Kc2 49. Ke4 Kxb2 {[%emt 0:00:05] KPP-KP} 50. Kd4 Ka3 51. Kc4 Ka4 52. Kc3 b5 53. Kd4 Ka3 54. Kc5 b4 55. Kc4 Ka4 56. Kc5 Ka5 57. Kc4 b6 58. Kd5 Kb5 59. Kd6 Ka5 60. Kc6 Ka6 61. Kd6 Kb5 62. Kd5 Ka4 63. Kc6 Ka3 64. Kb5 b3 65. axb3 Kxb3 66. Kxb6 {[%emt 0:00:01] Weighted Error Value: White=0.09 (flawless) /Black=0.11 (very precise)} 1/2-1/2

[Event "Super United Croatia GCT Rapid 2022"]
[Site "Zagreb"]
[Date "2022.07.22"]
[Round "9.3"]
[White "Van Foreest, Jorden"]
[Black "Firouzja, Alireza"]
[Result "1-0"]
[ECO "C67"]
[WhiteElo "2678"]
[BlackElo "2793"]
[Annotator "TA"]
[PlyCount "63"]
[EventDate "2022.07.20"]
[EventType "tourn"]
[EventCountry "CRO"]
[SourceTitle "playchess.com"]
[Source "ChessBase"]
[SourceQuality "1"]
[TimeControl "1500+10"]

1. e4 e5 2. Nf3 Nc6 3. Bb5 Nf6 4. O-O Nxe4 5. Re1 Nd6 6. Nxe5 Be7 7. Bf1 Nxe5 8. Rxe5 O-O 9. d4 Bf6 10. Re1 Re8 {[%emt 0:00:06] C67: Ruy Lopez: Berlin Defence: 4 0-0 Nxe4.} 11. Nc3 Rxe1 12. Qxe1 Bxd4 {[%emt 0:02:34] The position is equal.} 13. Bd3 Bxc3 14. Qxc3 Ne8 {[%emt 0:00:26] [#]} 15. b3 $146 ({Predecessor:} 15. Bf4 d6 16. Qb3 Nf6 17. Bg5 h6 18. Bxf6 Qxf6 19. Re1 Be6 20. Qxb7 Rf8 21. a4 {1-0 (85) Maghsoodloo,P (2698)-Sadhwani,R (2555) Chess.com INT 2021}) 15... d6 16. Bb2 Be6 (16... d5 $11) 17. Qb4 $1 $14 {[%emt 0:01:40][%mdl 1024] White has compensation.} Bd5 18. Qf4 {[%emt 0:00:49] [#] Prevents Qg5. Strongly threatening Qf5.} Nf6 19. Re1 {[%emt 0:00:18][%cal Ba1e1,Be1e3,Be3g3,Bg3f3][%mdl 32] Inhibits Qe7.} Be6 20. Re3 {[%emt 0:00:12] Threatens to win with Rg3.} Kf8 21. c4 {[%emt 0:01:35] White is more active.} Nh5 (21... h6 $1 $14) 22. Qf3 $18 Nf6 23. Qxb7 Ng4 (23... Rc8 $16 {keeps fighting.} 24. Qf3 (24. Qxa7 Ra8 $16) 24... Qe7) 24. Rg3 (24. Bxh7 Nxe3 25. fxe3 Rc8 $17) 24... Rb8 25. Qe4 ({Much less strong is} 25. Qxa7 Ra8 26. Qd4 Qf6) 25... Qg5 26. Qxh7 {[%emt 0:03:16] [#] Hoping for Qh8+.} ({Don't play} 26. h3 $6 Qd2 $18) 26... Ke7 27. Qxg7 $2 (27. Bxg7 $18 {is more deadly. And now Bc3 would win.} Qd2 28. Rf3) 27... Qd2 $16 28. Rf3 Qe1+ 29. Bf1 Nxh2 30. Kxh2 {[%emt 0:01:04] Really sharp!} Qxf1 31. c5 {[%emt 0:01:23][%cal Bc4c5,Bc5c6][%mdl 32] White threatens c6 and mate.} Qd1 $2 (31... Kd7 $16) 32. c6 {[%emt 0:00:16] Weighted Error Value: White=0.16 (very precise) /Black=0.47} 1-0

[Event "Super United Croatia GCT Rapid 2022"]
[Site "Zagreb"]
[Date "2022.07.22"]
[Round "9.4"]
[White "Saric, Ivan"]
[Black "Carlsen, Magnus"]
[Result "0-1"]
[ECO "B42"]
[WhiteElo "2680"]
[BlackElo "2864"]
[Annotator "TA"]
[PlyCount "82"]
[EventDate "2022.07.20"]
[EventType "tourn"]
[EventCountry "CRO"]
[SourceTitle "playchess.com"]
[Source "ChessBase"]
[SourceQuality "1"]
[TimeControl "1500+10"]

1. e4 c5 2. Nf3 e6 3. d4 cxd4 4. Nxd4 a6 5. Bd3 Bc5 6. Nb3 Ba7 7. Qe2 Ne7 {[%emt 0:00:02] B42: Sicilian: Kan Variation: 5 Bd3.} 8. Be3 O-O 9. Bxa7 {[%emt 0:00:28] 9.Bxa7 is setting a new trend.} Rxa7 {[%emt 0:00:01] White is slightly better.} 10. Qe3 Nbc6 11. Nc3 b5 12. O-O-O {[%emt 0:00:23] [#]} Rc7 $146 ({Predecessor:} 12... e5 13. h4 d6 14. h5 f5 15. f3 Be6 16. Be2 Rd7 17. Nd5 Bxd5 18. exd5 Nb4 {0-1 (40) Lanica,L (1691)-Czajkowski,A (1933) Koszalin 2013}) 13. Kb1 Ne5 14. f4 Nxd3 15. Rxd3 Bb7 16. Rhd1 Qc8 17. g4 (17. a3 $1 $14) 17... d5 18. e5 b4 19. Na4 ({White should play} 19. Ne2 $11) 19... Rxc2 20. h4 (20. Nd4 $15 Rc7 21. R3d2) 20... d4 (20... Rc7 $1 $17 {Hoping for ...Bc6.} 21. Qb6 Bc6) 21. Qxd4 $11 Rg2 22. Nbc5 (22. Rc1 $11 {keeps the balance.} Qe8 23. Nac5 (23. Qxb4 Qb5 $15)) 22... Bd5 ({Black should try} 22... Nd5 $17 23. Nxb7 Qc2+ 24. Ka1 Qxa4) 23. f5 Qc7 (23... exf5 $2 24. Nb6 Qd8 25. Nxd5 $18) 24. Qf4 (24. Qxb4 $15 Nc6 25. Qb6 Qxb6 26. Nxb6) 24... a5 (24... Bc6 $17 {...Bxa4 is the strong threat.} 25. Rc1 Nd5 26. Rxd5 Bxd5) 25. h5 h6 (25... f6 $5 26. Qf1 Rxg4 27. exf6 Rxf6 $15) 26. f6 gxf6 27. Qxh6 Rxg4 {[%emt 0:02:36] [#]} (27... fxe5 $11 28. Rc1 Rc8) 28. Qxf6 (28. exf6 Nf5 29. Qc1 Kh8 $17) (28. Nb6 $1 $16 {Intending Ncd7 and mate.} Rd8 (28... Nf5 29. Nxd5) 29. Nxd5 Nxd5 30. Ne4 $1 Qxe5 31. Nxf6+ $1 Qxf6 32. Qxf6 Nxf6 33. Rxd8+ Kg7 34. Rh1) 28... Kh7 $1 29. Rc1 $1 Ng8 {[%emt 0:02:11][%cal Be7g8,Bg8h6,Bh6f5][%mdl 32] Really sharp!} 30. Qf2 {[%emt 0:00:25][%cal Od3d5] Black must now prevent Rxd5!} (30. Nxe6 $2 Bxe6 $1 31. Qf3 (31. Rxc7 $2 {too greedy.} Nxf6 32. Rd1 Nd5 $19) 31... Qxe5 $19) 30... Qc6 {[%emt 0:00:43] [#]} 31. Rg3 {[%emt 0:00:30] [#]} (31. Nb6 $1 $11 Be4 32. Nxe4 Qxe4 33. Qf3) 31... Rxg3 $1 $17 32. Qxg3 {[%emt 0:00:02] [#]} Nh6 $1 33. Qd3+ ({Avoid the trap} 33. Rg1 $2 Rg8 34. Qh2 Rxg1+ 35. Qxg1 Be4+ 36. Ka1 Bc2 $19) 33... Nf5 34. Rg1 Rg8 35. Rxg8 Kxg8 36. Qd2 Kh7 (36... Be4+ $142 37. Ka1 Qb5) 37. b3 Qc7 38. Qe2 Qd8 (38... Kh8 $142 39. Qe1 Bc6) 39. Nb2 (39. Qd2 $142) 39... Qg5 {[%emt 0:00:07] aiming for ...Qg1+.} 40. Nd7 Ng3 {[%emt 0:00:32][%csl LRe2,LRh5] Black is more active.} 41. Qf2 (41. Qd3+ $17 Kg7 42. h6+ Kxh6 43. Nf6) 41... Be4+ {[%emt 0:00:03] Weighted Error Value: White=0.47/Black=0.22 (precise)} 0-1

[Event "Super United Croatia GCT Rapid 2022"]
[Site "Zagreb"]
[Date "2022.07.22"]
[Round "9.5"]
[White "Nepomniachtchi, Ian"]
[Black "Topalov, Veselin"]
[Result "1-0"]
[ECO "B92"]
[WhiteElo "2766"]
[BlackElo "2728"]
[Annotator "TA"]
[PlyCount "47"]
[EventDate "2022.07.20"]
[EventType "tourn"]
[EventCountry "CRO"]
[SourceTitle "playchess.com"]
[Source "ChessBase"]
[SourceQuality "1"]
[TimeControl "1500+10"]

1. e4 c5 2. Nf3 d6 3. d4 cxd4 4. Nxd4 Nf6 5. Nc3 a6 6. Be2 e5 7. Nb3 Be7 8. Be3 Be6 9. O-O O-O 10. Re1 {[%emt 0:00:02] B92: Sicilian Najdorf: 6 Be2.} Nbd7 11. a4 Qb8 12. a5 {[%emt 0:00:27] [#] White has an edge.} Re8 $146 ({Predecessor:} 12... Rc8 13. Nd5 Bd8 14. Bd3 b5 15. axb6 Bxd5 16. exd5 Bxb6 17. Rxa6 Rxa6 18. Bxa6 Rc7 {½-½ (58) Korobov,A (2683)-Vachier Lagrave,M (2749) Zagreb 2021}) 13. f3 b5 14. axb6 $1 Nxb6 15. Rxa6 (15. Kh1 {looks sharper.} Rd8 16. Na5 Qc7 17. Bxb6 Qxb6 18. Bc4) 15... Rxa6 16. Bxa6 d5 17. exd5 Nbxd5 18. Nxd5 Nxd5 19. Bf2 Nb4 20. Bf1 {[%emt 0:01:24] [#]} Nxc2 $1 {[%emt 0:01:48][%mdl 64] Remove Defender} 21. Qxc2 {[%emt 0:00:02] Hoping for Nc5.} Bxb3 22. Qe4 Bb4 23. Ra1 {[%emt 0:00:21] Ra6 is the strong threat.} g6 $2 {[%emt 0:01:27][%mdl 8192] [#]} (23... Rd8 $11 {and Black stays safe.}) 24. Ra6 $1 {[%emt 0:01:46] Weighted Error Value: White=0.08 (flawless) /Black=0.71} 1-0